Map: Ephemeron LE

Players

BlyOnFire (Bly)

  • Race: Zerg Zerg
  • League: Grandmaster
  • Spawn Location: 11:00

PtitDrogo - Winner!

  • Race: Protoss Protoss
  • League: Grandmaster
  • Spawn Location: 5:00

Event: HomeStory Cup XX

VOD

Have the link to the VOD?

Description

Time

  • Played on: Nov. 22, 2019, 10:49 a.m.
  • Length: 8:41

All games in this series

Show
View Real Time Build Order
Export as new Build Order

BlyOnFire Zerg 

Build Orders: Pool First 

Get SALT Encoding   

  12  0:01  Drone  
  13  0:12  Overlord  
  13  0:17  Drone  
  14  0:31  Drone  
  14  0:32  Drone  
  16  0:41  Spawning Pool  
  15  0:47  Drone  
  16  0:50  Drone  
  17  1:07  Extractor  
  16  1:17  Hatchery  
  15  1:21  Drone  
  16  1:29  Zergling x2  
  16  1:30  Zergling x2  
  18  1:34  Zergling x2  
  19  1:55  Overlord  
  19  1:58  Roach Warren  
  19  2:00  Drone  
  19  2:05  Drone  
  20  2:09  Metabolic Boost  
  20  2:30  Overlord  
  20  2:31  Queen  
  22  2:40  Roach  
  24  2:47  Roach  
  25  2:57  Roach  
  25  2:58  Zergling x6  
  28  3:04  Roach  
  30  3:13  Zergling x2  
  30  3:14  Ravager  
  30  3:19  Zergling x2  
  33  3:29  Zergling x4  
  29  3:50  Roach x2  
  29  3:52  Zergling x4  
  29  3:53  Zergling x2  
  33  4:04  Ravager  
  33  4:05  Zergling x2  
  33  4:07  Zergling x4  
  33  4:09  Queen  
  40  4:24  Zergling x4  
  41  4:38  Overlord x2, Roach  
  43  4:50  Overlord  
  43  4:53  Extractor  
  41  5:09  Roach x4  
  41  5:10  Drone  
  41  5:13  Drone  
  51  5:23  Drone  
  49  5:49  Drone x2  
  49  5:55  Queen  
  50  5:58  Drone  
  49  6:04  Ravager x2  
  49  6:08  Zergling x8  
  49  6:09  Zergling x2  
  52  6:17  Ravager  
  49  6:25  Drone  
  47  6:38  Roach x2  
  41  7:01  Drone x2  
  43  7:11  Ravager x3  
  43  7:12  Hatchery  
  42  7:26  Drone x2  
  44  7:31  Roach x2  
  48  7:43  Roach x2  
  51  7:52  Overlord  
  50  7:59  Spine Crawler  
  50  8:04  Overlord  
  49  8:08  Spore Crawler  
  49  8:18  Roach  
Show
View Real Time Build Order
Export as new Build Order

PtitDrogo Protoss - Winner!

Build Orders:  

Get SALT Encoding   

  12  0:00  Probe  
  13  0:12  Probe  
  14  0:23  Pylon  
  14  0:24  Probe  
  15  0:38  Probe  
  15  0:42  Gateway  
  16  0:46  Probe  
  16  0:55  Probe  
  16  0:56  Assimilator  
  18  1:09  Probe  
  19  1:24  Probe  
  20  1:32  Gateway  
  20  1:34  Cybernetics Core  
  20  1:37  Probe  
  21  1:46  Pylon  
  21  1:48  Zealot  
  21  1:53  Probe  
  23  1:58  Assimilator  
  23  2:02  Warp Gate  
  23  2:05  Probe  
  24  2:15  Stalker  
  26  2:17  Pylon  
  26  2:20  Probe  
  27  2:27  Stalker  
  29  2:30  Pylon  
  29  2:45  Pylon, Stalker  
  31  2:57  Stalker  
  31  3:02  Pylon  
  32  3:12  Shield Battery  
  32  3:14  Stalker  
  32  3:17  Robotics Facility  
  33  3:24  Shield Battery  
  33  3:28  Stalker  
  33  3:30  Shield Battery  
  33  3:54  Immortal  
  33  4:00  Gateway  
  33  4:03  Stalker  
  39  4:11  Zealot  
  41  4:23  Shield Battery  
  41  4:26  Warp Prism, Sentry  
  45  4:40  Sentry  
  47  4:50  Pylon  
  47  5:00  Pylon  
  47  5:10  Zealot  
  47  5:11  Zealot x2  
  53  5:15  Pylon  
  53  5:35  Stalker x2  
  53  5:38  Stalker  
  55  6:01  Zealot x2  
  59  6:07  Sentry  
  57  6:25  Stalker x2  
  57  6:29  Probe  
  58  6:41  Probe  
  58  6:43  Zealot  
  61  6:58  Probe  
  62  7:04  Pylon  
  62  7:06  Probe  
  63  7:21  Probe  
  64  7:22  Zealot  
  66  7:30  Stalker x2  
  66  7:34  Pylon  
  70  7:46  Zealot  
  68  7:54  Zealot x2  
  68  8:13  Zealot  
  70  8:29  Stalker x2  
Tags
 
Add a new tag
Caveats
  • Supply blocks, unpowered buildings, or Contaminate may cause inaccurate times.
  • Supply counts are checked every 10 seconds.